 Dungeon Crawl Stone Soup version 0.18.1-1-g2f07953 (webtiles) character file.

63 dvd the Chucker (level 4, 0/45 HPs)
             Began as an Ogre Hunter on May 6, 2016.
             Slain by a kobold
             ... wielding a +0 short sword
              (2 damage)
             ... on level 2 of the Dungeon.
             The game lasted 00:05:03 (1678 turns).

dvd the Chucker (Ogre Hunter)                       Turns: 1678, Time: 00:05:03

Health: 0/45       AC:  3    Str: 17    XL:     4   Next: 10%
Magic:  4/4        EV: 10    Int: 10    God:
Gold:   76         SH:  0    Dex: 11    Spells: 0 memorised, 3 levels left

rFire  . . .     SeeInvis .     a - +0 mace
rCold  . . .     Gourm    .     b - +0 robe
rNeg   . . .     Faith    .     (no shield)
rPois  .         Spirit   .     (helmet restricted)
rElec  .         Dismiss  .     (no cloak)
rCorr  .         Reflect  .     (gloves unavailable)
SustAt .         Harm     .     (boots unavailable)
MR     .....                    (no amulet)
Stlth  +.........               (no ring)
                                (no ring)

@: lethally poisoned (0 -> -1), invisible, not resistant to hostile
enchantments, very unstealthy
A: unfitting armour, tough skin 1
a: no special abilities


You were on level 2 of the Dungeon.
You were very hungry.

You visited 1 branch of the dungeon, and saw 3 of its levels.

You collected 76 gold pieces.

Inventory:

Hand Weapons
 a - a +0 mace (weapon)
 e - a +1 dagger of venom
Missiles
 c - 2 large rocks (quivered)
 d - a throwing net
Armour
 b - a +0 robe (worn)
Scrolls
 g - a scroll of immolation {unknown}
 h - a scroll of enchant armour {unknown}
 i - 2 scrolls of remove curse {unknown}
 j - a scroll of enchant weapon {unknown}
 n - a scroll of magic mapping {unknown}
 p - a scroll of fog {unknown}
 q - 2 scrolls of recharging {unknown}
 s - a scroll of identify {unknown}
 t - a scroll of amnesia {unknown}
Books
 r - a Young Poisoner's Handbook

   Spells                             Type                      Level
   a - Sting                          Conjuration/Poison           1
   b - Cure Poison                    Poison                       2
   c - Mephitic Cloud                 Conjuration/Poison/Air       3
   d - Olgreb's Toxic Radiance        Poison                       4
   e - Venom Bolt                     Conjuration/Poison           5
Comestibles
 f - a bread ration
 k - a meat ration
 m - a slice of pizza


   Skills:
 + Level 3.2 Fighting
 + Level 0.3 Maces & Flails
 + Level 4.7 Throwing
 + Level 2.6 Dodging
 + Level 1.1 Stealth


You had 3 spell levels left.
You didn't know any spells.

Dungeon Overview and Level Annotations

Branches:
Dungeon (3/15)

Altars:
Makhleb
Xom
The Shining One


Innate Abilities, Weirdness & Mutations

You are too large for most types of armour.
You have tough skin (AC +1).


Message History

You closely miss the kobold. The kobold hits you with a short sword.
* * * LOW HITPOINT WARNING * * *
The kobold hits you with a short sword.
* * * LOW HITPOINT WARNING * * *
You closely miss the kobold.
You feel sick. The kobold hits you but does no damage.
You completely miss the kobold. The kobold hits you but does no damage.
The kobold hits you with a short sword.
* * * LOW HITPOINT WARNING * * *
Unknown command.
You closely miss the kobold.
* * * LOW HITPOINT WARNING * * *
You feel sick. The kobold hits you but does no damage.
A goblin comes into view.
Unknown command.
Drink which item? (? for menu, Esc to quit)
It was a potion of invisibility.
You fade into invisibility!
The kobold hits you with a short sword.
You die...

#.###.#############.....
#..>....)...............
#.#.#.....##########....
############.#####.# #......
.#.............# #.# #.#....
.#.####[.......###.# #.##...
................##.########.##...
.#.####..........K...g...........
.#.# ######.#..@######.###.###..
.#.# #.#.#.## #.# #.# #.. .#.#
#...#.)#####.###.# #.. .#.#
##..###........##.# #.. .#.#
##..##.##.......##.# #.. .#.###
##..##...##......##.# ###
.....####..##..#..##.....##.# #
####..#...##..#.#..##.....#.#
##...###..#._.#..###...#.# ##


You could see a goblin (wandering) and a kobold.

Vanquished Creatures
  3 adders
  2 giant geckos (D:2)
  5 bats
  2 giant cockroaches (D:1)
  8 goblins
  2 hobgoblins
  A ball python (D:2)
  4 giant newts
  2 kobolds
  8 rats
37 creatures vanquished.

Notes
Turn   | Place    | Note
--------------------------------------------------------------
     0 | D:1      | dvd the Ogre Hunter began the quest for the Orb.
     0 | D:1      | Reached XP level 1. HP: 22/22 MP: 1/1
   147 | D:1      | Reached XP level 2. HP: 29/29 MP: 2/2
   236 | D:1      | Reached skill level 1 in Stealth
   756 | D:1      | Reached XP level 3. HP: 37/37 MP: 3/3
   965 | D:2      | Found a shimmering altar of Xom.
   987 | D:2      | Found a burning altar of Makhleb.
  1022 | D:2      | Found a glowing golden altar of the Shining One.
  1673 | D:2      | Reached XP level 4. HP: 16/45 MP: 4/4
  1677 | D:2      | HP: 2/45 [poisoned by an adder]
  1678 | D:2      | Slain by a kobold

Skill      XL: |  1  2 |
---------------+-------+-----
Stealth        | 1 |  1.1
Dodging        | 2 |  2.6
Fighting       | 3 |  3.2
Maces & Flails | |  0.3
Throwing       | |  4.7

Action                   |  1- 3 |  4- 6 || total
-------------------------+-------+-------++-------
Melee: Short sword       |    12 |       ||    12
       Mace              |    53 |     4 ||    57
       Dagger            |    16 |       ||    16
Throw: Large rock        |    16 |       ||    16
       Throwing net      |     1 |       ||     1
  Use: Potion            |     3 |     1 ||     4
 Stab: Sleeping          |     2 |       ||     2
       Held in net/web   |     1 |       ||     1
  Eat: Chunk             |     1 |       ||     1
Armor: Robe              |    27 |     2 ||    29
Dodge: Dodged            |    76 |       ||    76
